 Dungeon Crawl Stone Soup version 0.31-a0-221-gbddc013574 (webtiles) character file.

Game seed: 9147612430491334443

32 porpoise the Shooter (level 3, -1/22 HPs)
             Began as a Kobold Hunter on July 5, 2023.
             Slain by a worm (8 damage)
             ... on level 2 of the Dungeon.
             The game lasted 00:02:17 (1037 turns).

porpoise the Shooter (Kobold Hunter)                Turns: 1037, Time: 00:02:18

Health: -1/22      AC:  3    Str:  8    XL:     3   Next: 42%
Magic:  3/3        EV: 14    Int: 10    God:
Gold:   115        SH:  0    Dex: 20    Spells: 2/2 levels left

rFire   . . .        a - +0 shortbow
rCold   . . .        (shield currently unavailable)
rNeg    . . .        c - +0 leather armour
rPois   .            (no helmet)
rElec   .            (no cloak)
rCorr   .            (no gloves)
SInv    .            (no boots)
Will    .....        (no amulet)
Stlth   +++          (no ring)
HPRegen 0.23/turn    (no ring)
MPRegen 0.08/turn

%: no passive effects
@: no status effects
A: small, no large weapons, nightstalker 3
a: no special abilities


You were on level 2 of the Dungeon.
You visited 1 branch of the dungeon, and saw 2 of its levels.

You collected 115 gold pieces.

Inventory:

Hand Weapons
 a - a +0 shortbow (weapon)
 b - a +0 short sword
Missiles
 i - 6 poisoned darts
 l - 5 boomerangs
Armour
 c - a +0 leather armour (worn)
Scrolls
 h - a scroll of enchant weapon {unknown}
 k - a scroll of butterflies
Potions
 d - a potion of attraction {unknown}
 e - a potion of haste {unknown}
 f - 2 potions of curing {unknown}
 g - a potion of resistance {unknown}
 j - 2 potions of berserk rage {unknown}


   Skills:
 + Level 2.7 Fighting
 * Level 6.0 Ranged Weapons
 - Level 2.4 Dodging
 + Level 2.5 Stealth


You had 2 spell levels left.
You didn't know any spells.
Your spell library was empty.

Dungeon Overview and Level Annotations

Branches:
Dungeon (2/15)

Altars:


Innate Abilities, Weirdness & Mutations

You are small and have problems with some larger weapons.
You are completely attuned to the shadows.


Message History

You kill the endoplasm!
No target in view!
A worm comes into view.
A worm is nearby!
You shoot an arrow. The arrow hits the worm.
The worm is moderately wounded.
You shoot an arrow. The arrow hits the worm.
The worm is heavily wounded.
You shoot an arrow. The arrow barely misses the worm.
You shoot an arrow. The arrow hits the worm.
The worm is heavily wounded.
You shoot an arrow. The arrow hits the worm.
The worm is severely wounded.
You shoot an arrow.
The arrow hits the worm but does no damage.
The worm is heavily wounded.
The worm bites you!
You shoot an arrow. The arrow barely misses the worm.
You shoot an arrow. The arrow barely misses the worm.
The worm closely misses you.
You shoot an arrow. The arrow hits the worm.
The worm is severely wounded.
The worm barely misses you.
You shoot an arrow.
The arrow hits the worm but does no damage.
The worm is severely wounded.
You shoot an arrow.
The arrow hits the worm but does no damage.
The worm is severely wounded.
The worm bites you!
* * * LOW HITPOINT WARNING * * *
You are too injured to fight recklessly!
You shoot an arrow. The arrow hits the worm.
The worm is severely wounded.
The worm misses you.
You shoot an arrow.
The arrow hits the worm but does no damage.
The worm is severely wounded.
The worm bites you!
You die...

##.......
#..#####
#......
#..####
#.....#
#...#.#
#>....#
#...###.
#..@....
#..w....
##.####.
#. #.


You could see a worm.

Vanquished Creatures
  An adder (D:2)
  2 ball pythons
  4 bats (D:1)
  2 endoplasms
  A giant cockroach (D:1)
  2 hobgoblins
  2 quokkas (D:1)
  2 frilled lizards (D:1)
  3 kobolds
  2 rats (D:1)
21 creatures vanquished.

Notes
Turn   | Place    | Note
-------+----------+-------------------------------------------
     0 | D:1      | porpoise the Kobold Hunter began the quest for the Orb.
     0 | D:1      | Reached XP level 1. HP: 12/12 MP: 1/1
   251 | D:1      | Reached XP level 2. HP: 18/18 MP: 2/2
   358 | D:1      | Found a faded altar of an unknown god.
   844 | D:2      | Reached XP level 3. HP: 17/22 MP: 3/3
   849 | D:2      | Reached skill level 6 in Ranged Weapons
  1037 | D:2      | Slain by a worm

Illustrated notes

Levels and vault maps discovered:
D:1:      amcnicky_arrival_single_pillar, layout_basic,
          ebering_ecumenical_altar_hall, serial_curves, eino_curves_03,
          eino_curves_03, st_stairs_3, minmay_gold_behind_fungi
D:2:      kb_forest_paths, layout_basic, nicolae_grassy_gnolls

Skill      XL: |  1  2  3 |
---------------+----------+-----
Stealth        | 2 |  2.5
Ranged Weapons | 6 |  6.0
Fighting       | |  2.7
Dodging        | |  2.4

Action                     || total
---------------------------++-------
  Melee: Unarmed           ||     4
   Fire: Shortbow          ||    75
 Armour: Leather armour    ||     8
  Dodge: Dodged            ||    23

Table legend: (Time is in decaauts)
 A = Elapsed time spent in this place.
 B = Non-inter-level travel time spent in this place.
 C = Inter-level travel time spent in this place.
 D = Time resting spent in this place.
 E = Time spent auto-exploring this place.
 F = Levels seen in this place.
 G = Mean time per level.
                   A        B        C        D        E       F      G
               +--------+--------+--------+--------+--------+-----+--------+
         Total |   1047 |   1017 |     30 |    125 |    757 |   2 |  523.5 |
       Dungeon |   1047 |   1017 |     30 |    125 |    757 |   2 |  523.5 |
               +--------+--------+--------+--------+--------+-----+--------+

Top non-repeatable levels by time:
     D:1: 847 daAuts
     D:2: 199 daAuts
